 Dungeon Crawl Stone Soup version 0.17-b1-36-g7b1967c (webtiles) character file.

7308 Drakale the Covert (level 11, -1/63 HPs)
             Began as a Kobold Assassin on Nov 6, 2015.
             Was an Elder of Kikubaaqudgha.
             Slain by a komodo dragon (21 damage)
             ... on level 1 of the Lair of Beasts.
             The game lasted 00:58:06 (11011 turns).

Drakale the Covert (Kobold Assassin)               Turns: 11011, Time: 00:58:06

Health: -1/63      AC: 15    Str: 11    XL:     11   Next: 34%
Magic:  3/19       EV: 25    Int: 12    God:    Kikubaaqudgha [****..]
Gold:   279        SH:  0    Dex: 20    Spells: 4 memorised, 11 levels left

rFire  . . .     SeeInvis .     a - +3 dagger (flame)
rCold  + . .     Clarity  .     K - +5 ring mail of the Harvest {Dex+3}
rNeg   + + .     SustAt   .     (shield restricted)
rPois  .         Gourm    .     k - +0 helmet
rElec  .         Spirit   .     d - +1 cloak
rCorr  .         Warding  .     A - +0 pair of gloves
rMut   .         Stasis   .     (no boots)
MR     +....                    Y - amulet of rage
Stlth  +++++.....               o - +5 ring of evasion
                                M - ring of Daynk {*Drain +Inv rC+ rN++ MR+}

@: very slightly contaminated, somewhat resistant to hostile enchantments, quite
stealthy
A: carnivore 3
a: Receive Corpses, Renounce Religion, Evoke Berserk Rage, Evoke Invisibility


You were on level 1 of the Lair of Beasts.
You worshipped Kikubaaqudgha.
Kikubaaqudgha was greatly pleased with you.
You were very full.

You visited 2 branches of the dungeon, and saw 9 of its levels.
You also visited: Labyrinth and Sewer.

You collected 384 gold pieces.
You spent 105 gold pieces at shops.

Inventory:

Hand Weapons
 a - a +3 dagger of flaming (weapon)
 b - a +0 blowgun
 f - a +2 long sword of holy wrath
Missiles
 e - 5 poisoned needles
 G - 8 curare-tipped needles
Armour
 d - a +1 cloak (worn)
 k - a +0 helmet (worn)
 A - a +0 pair of gloves (worn)
 K - the +5 ring mail of the Harvest (worn) {Dex+3}
   (You found it on level 6 of the Dungeon)

   It affects your dexterity (+3).
Jewellery
 i - an uncursed ring of see invisible
 o - a +5 ring of evasion (right hand)
 p - an uncursed ring of protection from fire
 t - an uncursed amulet of resist mutation
 v - an uncursed ring of protection from magic
 x - an uncursed ring of sustain attributes
 M - the ring of Daynk (left hand) {*Drain +Inv rC+ rN++ MR+}
   (You found it in a labyrinth)

   [ring of protection from magic]

   It protects you from cold.
   It greatly protects you from negative energy.
   It affects your resistance to hostile enchantments.
   It lets you turn invisible.
   It causes draining when unequipped.
 U - a +3 ring of dexterity
 X - a +3 ring of evasion
 Y - an amulet of rage (around neck)
Wands
 c - a wand of fire (9)
 C - a wand of magic darts (18)
 N - a wand of slowing (22)
 R - a wand of magic darts (17)
 T - a wand of paralysis (7)
 W - a wand of cold (8)
 Z - a wand of flame (16)
Scrolls
 j - 2 scrolls of blinking
 r - 4 scrolls of teleportation
 y - a scroll of magic mapping
 z - 2 scrolls of amnesia
 B - a scroll of fear {unknown}
 H - 3 scrolls of remove curse
 I - 4 scrolls of identify
 J - 3 scrolls of enchant weapon
 O - a scroll of vulnerability {unknown}
 V - 2 scrolls of recharging
Potions
 l - 2 potions of resistance
 m - 2 potions of heal wounds
 s - 4 potions of curing
 E - 2 potions of haste
 L - a potion of poison
 S - a potion of might {unknown}
Books
 h - a book of the Warp

   Spells                             Type                      Level
   a - Recall                         Summoning/Translocation      3
   b - Gell's Gravitas                Hexes/Translocation          3
   c - Force Lance                    Conjuration/Translocation    4
   d - Phase Shift                    Translocation                5
   e - Warp Weapon                    Charms/Translocation         5
   f - Summon Forest                  Summoning/Translocation      5
 n - a book of the Earth

   Spells                             Type                      Level
   a - Leda's Liquefaction            Hexes/Earth                  4
   b - Bolt of Magma                  Conjuration/Fire/Earth       5
   c - Statue Form                    Transmutation/Earth          6
   d - Iron Shot                      Conjuration/Earth            6
   e - Shatter                        Earth                        9
 u - Kikubaaqudgha's Guide on Necromancy
   (Kikubaaqudgha gifted it to you on level 5 of the Dungeon)

   Spells                             Type                      Level
   a - Animate Dead                   Necromancy                   4
   b - Agony                          Necromancy                   5
   c - Cigotuvi's Embrace             Necromancy                   5
   d - Dispel Undead                  Necromancy                   5
   e - Simulacrum                     Ice/Necromancy               6
 D - Kikubaaqudgha's Reference Book on Black Rites
   (Kikubaaqudgha gifted it to you on level 3 of the Dungeon)

   Spells                             Type                      Level
   a - Pain                           Necromancy                   1
   b - Corpse Rot                     Necromancy                   2
   c - Sublimation of Blood           Necromancy                   2
   d - Vampiric Draining              Necromancy                   3
   e - Control Undead                 Necromancy                   4
 P - a book of Power

   Spells                             Type                      Level
   a - Fulminant Prism                Conjuration/Hexes            4
   b - Iskenderun's Mystic Blast      Conjuration                  4
   c - Venom Bolt                     Conjuration/Poison           5
   d - Bolt of Magma                  Conjuration/Fire/Earth       5
   e - Iron Shot                      Conjuration/Earth            6
   f - Orb of Destruction             Conjuration                  7
   g - Spellforged Servitor           Conjuration/Summoning        7
 Q - a book of Spatial Translocations

   Spells                             Type                      Level
   a - Apportation                    Translocation                1
   b - Blink                          Translocation                2
   c - Shroud of Golubria             Charms/Translocation         2
   d - Portal Projectile              Translocation                3
   e - Teleport Other                 Translocation                3
   f - Passage of Golubria            Translocation                4
Miscellaneous
 w - a phial of floods
Comestibles
 g - 5 meat rations
 q - 2 slices of pizza
 F - 3 chunks of flesh


   Skills:
 + Level 5.1 Fighting
 + Level 6.7 Short Blades
 + Level 4.1 Throwing
 + Level 4.1 Armour
 + Level 9.3 Dodging
 + Level 10.8 Stealth
 * Level 5.8 Spellcasting
 * Level 6.4 Necromancy
 * Level 3.4 Translocations
 + Level 0.5 Evocations


You had 11 spell levels left.
You knew the following spells:

 Your Spells              Type           Power        Failure   Level  Hunger
a - Pain                  Necr           ###.         3%          1    None
b - Vampiric Draining     Necr           ###.......   12%         3    ###....
c - Animate Dead          Necr           N/A          34%         4    ####...
d - Blink                 Tloc           N/A          17%         2    ##.....


Dungeon Overview and Level Annotations

Branches:
Dungeon (8/15)             Temple (0/1) D:7            Lair (1/8) D:8

Altars:
Dithmenos
Fedhas
Kikubaaqudgha
Nemelex Xobeh
Ru
Vehumet
Xom

Shops:
D:5 *   D:6 ?

Annotations:
D:5 rchandra's ghost, amateur DsFE


Innate Abilities, Weirdness & Mutations

You are small and have problems with some larger weapons.
You are carnivorous and can eat meat at any time.


Message History

The komodo dragon is lightly wounded.
You hit the komodo dragon but do no damage.
The komodo dragon is lightly wounded.
The komodo dragon bites you.
You hit the komodo dragon. You burn the komodo dragon.
The komodo dragon is moderately wounded.
The komodo dragon completely misses you.
You hit the komodo dragon but do no damage.
The komodo dragon is moderately wounded.
The komodo dragon closely misses you.
You hit the komodo dragon but do no damage.
The komodo dragon is moderately wounded.
You hit the komodo dragon. You burn the komodo dragon.
The komodo dragon is moderately wounded.
The komodo dragon bites you!!
You hit the komodo dragon. You burn the komodo dragon.
The komodo dragon is moderately wounded.
The komodo dragon bites you!!
You die...
Kikubaaqudgha rasps: "You have failed me!
Welcome... death!"

.,>,,,,,,,.......$.....,,,,,,,,,,
.,,,,,,,,,............,,,,,,,,,,,
.,,,,,,,,,,..........,,,,,,,,,,,,
.,,,,,,,,,,*#.......**,,,,,,,,,,,
,***********#......,,***********,
** **#...#*** ** #.†.# * ##†l†##
##..@..# #.†....♣ ♣♣♣♣♣♣♣♣♣♣♣♣
##.....♣ ♣........... #.....♣
♣........... ##.....♣
♣..##'''##.. #P.....♣
♣..#⌠...⌠#.. ##.....♣
♣..#.....#.. #.....♣ ♣..#..<..#..
##.....♣♣♣..#.....#..


You could see a komodo dragon.

Vanquished Creatures
  A minotaur (Lab)
  A hydra (Lair:1)
  2 spiny frogs (Lair:1)
  Grinder (D:4)
  A spriggan (D:8)
  3 yaks (Lair:1)
  A hippogriff (D:8)
  3 water moccasins
  2 porcupines (Lair:1)
  Duvessa (D:5)
  3 ice beasts
  A black bear (D:6)
  A phantom (D:5)
  2 ogres
  2 orc warriors
  2 crocodiles (D:8)
  2 centaurs
  Blork the orc (D:6)
  7 giant frogs
  2 wyvern zombies
  A gnoll sergeant (D:8)
  Dowan (D:5)
  4 killer bees (D:7)
  3 crimson imps (D:5)
  2 giant frog skeletons (D:4)
  5 hounds
  A gnoll shaman (D:4)
  2 giant frog zombies
  A centaur skeleton (D:4)
  A jelly (D:7)
  5 orc wizards
  7 worker ants
  3 orc priests
  4 iguanas
  10 gnolls
  10 adders
  9 river rats
  3 shadow imps
  3 oozes
  An adder skeleton (D:7)
  An adder zombie (D:5)
  4 worms
  5 giant geckos
  15 orcs
  5 goblins
  8 hobgoblins
  15 jackals
  2 kobolds
  2 quokkas (D:2)
  6 ball pythons
  2 ball python skeletons (D:4)
  7 bats
  6 giant cockroaches
  A giant gecko zombie (D:5)
  14 giant newts
  15 rats
223 creatures vanquished.

Vanquished Creatures (collateral kills)
  4 yaks (Lair:1)
  A porcupine (Lair:1)
  A jackal (D:8)
6 creatures vanquished.

Grand Total: 229 creatures vanquished

Notes
Turn   | Place    | Note
--------------------------------------------------------------
     0 | D:1      | Drakale the Kobold Assassin began the quest for the Orb.
     0 | D:1      | Reached XP level 1. HP: 12/12 MP: 1/1
   289 | D:1      | Reached XP level 2. HP: 17/17 MP: 2/2
   382 | D:1      | Reached skill level 6 in Stealth
  1063 | D:2      | Reached XP level 3. HP: 19/21 MP: 3/3
  1219 | D:2      | Found a sparkling altar of Nemelex Xobeh.
  1868 | D:3      | Reached XP level 4. HP: 27/27 MP: 4/4
  1949 | D:3      | Found a blossoming altar of Fedhas.
  1950 | D:3      | Found an ancient bone altar of Kikubaaqudgha.
  1957 | D:3      | Became a worshipper of Kikubaaqudgha
  1995 | D:3      | Found a shimmering altar of Xom.
  2052 | D:3      | Found a shadowy altar of Dithmenos.
  2200 | D:3      | Reached skill level 7 in Stealth
  2359 | D:3      | Reached XP level 5. HP: 24/31 MP: 5/5
  2453 | D:3      | Reached * piety under Kikubaaqudgha
  2453 | D:3      | Received a gift from Kikubaaqudgha
  2454 | D:3      | Identified Kikubaaqudgha's Reference Book on Black Rites (Kikubaaqudgha gifted it to you on level 3 of the Dungeon)
  2457 | D:3      | Learned a level 1 spell: Pain
  2792 | D:4      | Reached XP level 6. HP: 36/36 MP: 5/7
  2797 | D:4      | Learned a level 3 spell: Vampiric Draining
  2862 | D:4      | Found a glowing drain.
  2899 | D:4      | Reached skill level 1 in Spellcasting
  2917 | Sewer    | Entered a sewer
  3124 | Sewer    | Reached skill level 1 in Necromancy
  3125 | Sewer    | Reached skill level 1 in Armour
  3193 | Sewer    | Reached ** piety under Kikubaaqudgha
  3439 | D:4      | Noticed Grinder
  3456 | D:4      | Paralysed by Grinder for 6 turns
  3486 | D:4      | Killed Grinder
  3486 | D:4      | Reached skill level 8 in Stealth
  3486 | D:4      | Reached XP level 7. HP: 15/40 MP: 7/9
  4275 | D:4      | Found a sacrificial altar of Ru.
  4391 | D:4      | Reached XP level 8. HP: 13/45 MP: 11/11
  4772 | D:5      | Entered Level 5 of the Dungeon
  4788 | D:5      | Noticed rchandra's ghost (amateur DsFE)
  4790 | D:5      | Reached skill level 5 in Dodging
  5503 | D:6      | Noticed Blork the orc
  5525 | D:6      | Killed Blork the orc
  5699 | D:6      | Reached XP level 9. HP: 51/51 MP: 14/14
  5762 | D:6      | Reached skill level 9 in Stealth
  5993 | D:6      | Found Houskiuz's Magic Scroll Boutique.
  5998 | D:6      | Got a polished ring mail
  6009 | D:6      | Identified the +5 ring mail of the Harvest {Dex+3} (You found it on level 6 of the Dungeon)
  6019 | D:6      | Bought a scroll of remove curse for 33 gold pieces
  6837 | D:5      | Reached skill level 5 in Short Blades
  6862 | D:5      | Noticed Dowan
  6883 | D:5      | Noticed Duvessa
  6937 | D:5      | Killed Duvessa
  7083 | D:5      | Killed Dowan
  7213 | D:5      | Found Huynelan's Serpentskin Sales.
  7235 | D:5      | Reached *** piety under Kikubaaqudgha
  7235 | D:5      | Received a gift from Kikubaaqudgha
  7236 | D:5      | Identified Kikubaaqudgha's Guide on Necromancy (Kikubaaqudgha gifted it to you on level 5 of the Dungeon)
  7286 | D:5      | Learned a level 4 spell: Animate Dead
  7290 | D:5      | Bought a potion of poison for 14 gold pieces
  7290 | D:5      | Bought 7 curare-tipped needles for 58 gold pieces
  7568 | D:7      | Reached XP level 10. HP: 56/56 MP: 16/16
  7598 | D:7      | Found a staircase to the Ecumenical Temple.
  8059 | D:7      | Reached skill level 5 in Necromancy
  8391 | D:8      | Reached skill level 10 in Stealth
  8538 | D:8      | Learned a level 2 spell: Blink
  8559 | D:8      | Found a radiant altar of Vehumet.
  8766 | D:8      | Found a staircase to the Lair.
  9024 | D:8      | Reached skill level 5 in Spellcasting
  9024 | D:8      | Reached skill level 1 in Translocations
  9110 | Lair:1   | Entered Level 1 of the Lair of Beasts
  9216 | Lair:1   | Found a labyrinth entrance.
  9218 | Lair:1   | Noticed a six-headed hydra
  9229 | Lab      | Entered a labyrinth
 10275 | Lab      | Noticed a minotaur
 10301 | Lab      | Killed a minotaur
 10340 | Lab      | Got a fine tin ring
 10363 | Lair:1   | Killed a six-headed hydra
 10363 | Lair:1   | Reached XP level 11. HP: 22/62 MP: 17/19
 10597 | Lair:1   | Identified the ring of Daynk {*Drain +Inv rC+ rN++ MR+} (You found it in a labyrinth)
 10665 | Lair:1   | Noticed a spiny frog
 10672 | Lair:1   | Killed a spiny frog
 10860 | Lair:1   | Reached skill level 5 in Fighting
 10903 | Lair:1   | Reached **** piety under Kikubaaqudgha
 11011 | Lair:1   | Slain by a komodo dragon

Action                   |  1- 3 |  4- 6 |  7- 9 | 10-12 || total
-------------------------+-------+-------+-------+-------++-------
Melee: Dagger            |   127 |   233 |   619 |   319 ||  1298
       Long sword        |       |       |    12 |       ||    12
 Fire: Blowgun           |       |     4 |    24 |    17 ||    45
Throw: Tomahawk          |       |     9 |     4 |       ||    13
 Cast: Pain              |       |     2 |     6 |     1 ||     9
       Vampiric Draining |       |       |     5 |     2 ||     7
       Animate Dead      |       |       |       |     3 ||     3
Evoke: Wand              |       |       |       |     3 ||     3
  Use: Scroll            |     9 |       |     4 |     3 ||    16
       Potion            |       |     2 |     7 |     3 ||    12
 Stab: Sleeping          |    14 |    19 |    16 |    11 ||    60
       Invisible         |       |       |     3 |       ||     3
       Distracted        |       |       |     2 |     6 ||     8
  Eat: Chunk             |     7 |     7 |    17 |    12 ||    43
       Beef jerky        |       |       |       |     1 ||     1
